 Dungeon Crawl Stone Soup version 0.28-a0-474-g535839065c (webtiles) character file.

Game seed: 13883308969295823564

573 robertstho the Magician (level 7, -5/49 HPs)
             Began as a Djinni Fire Elementalist on Sept 15, 2021.
             Slain by Dowan (6 damage)
             ... on level 4 of the Dungeon.
             The game lasted 00:04:51 (3999 turns).

robertstho the Magician (Djinni Fire Elementalist)  Turns: 3999, Time: 00:04:51

Health: -5/49      AC:  5    Str:  7    XL:     7   Next: 61%
Gold:   64         EV: 12    Int: 18    God:
                   SH:  0    Dex: 14

rFire   + + .      SeeInvis .   n - +0 rapier
rCold   x . .      Faith    .   (no shield)
rNeg    . . .      Spirit   .   a - +0 robe
rPois   ∞          Reflect  .   d - +2 hat
rElec   .          Harm     .   i - +0 cloak
rCorr   .          Rampage  .   (no gloves)
Will    .....                   (boots unavailable)
Stlth   ++........              (no amulet)
HPRegen 0.16/turn               (no ring)
MPRegen 0.00/turn               (no ring)

@: about to teleport, flying
A: sickness immunity, fire resistance 2, cold vulnerability 1, float, innate
caster, hp casting, extra vitality 1
a: no special abilities


You were on level 4 of the Dungeon.
You visited 2 branches of the dungeon, and saw 5 of its levels.

You collected 157 gold pieces.
You spent 93 gold pieces at shops.

Inventory:

Hand Weapons
 b - a +0 dagger
 n - a +0 rapier (weapon)
Armour
 a - a +0 robe (worn)
 d - a +2 hat (worn)
 i - a +0 cloak (worn)
Jewellery
 o - a +6 ring of dexterity
Wands
 g - a wand of flame (20)
Scrolls
 c - 2 scrolls of fear {unknown}
 e - 2 scrolls of brand weapon {unknown}
 f - a scroll of amnesia {unknown}
 h - a scroll of vulnerability {unknown}
 j - a scroll of enchant weapon {unknown}
 k - a scroll of blinking {unknown}
 l - 2 scrolls of magic mapping


   Skills:
 * Level 2.4 Fighting
 + Level 1.3 Short Blades
 + Level 2.8 Dodging
 + Level 2.3 Stealth
 * Level 5.4 Spellcasting


You couldn't memorise any spells.
You knew the following spells:

 Your Spells              Type           Power      Damage    Failure   Level
a - Foxfire               Conj/Fire      96%        2x1d8     1%          1
b - Scorch                Fire           48%        2d7       1%          2
c - Conjure Flame         Conj/Fire      24%        6-21      4%          3
d - Inner Flame           Hex/Fire       24%        N/A       4%          3
e - Flame Wave            Conj/Fire      24%        3d6       14%         4
f - Shock                 Conj/Air       96%        1d9       1%          1
g - Passwall              Tmut/Erth      20%        N/A       1%          2
h - Ignite Poison         Fire/Tmut/Pois 24%        N/A       4%          3
Your spell library was empty.

Dungeon Overview and Level Annotations

Branches:
Dungeon (4/15)             Temple (1/1) D:4

Altars:
Ashenzari
Cheibriados
Dithmenos
Elyvilon
Hepliaklqana
Nemelex Xobeh
Okawaru
Qazlal
Sif Muna
Trog
Uskayaw
Wu Jian
Xom
Zin

Shops:
D:3 ?

Annotations:
D:4 Dowan


Innate Abilities, Weirdness & Mutations

You are immune to sickness and miasma.
You are immune to poison.
Your flesh is very heat resistant. (rF++)
You are vulnerable to cold. (rC-)
You float through the air rather than walking.
You learn spells naturally, not from books.
Your magical power is your life essence.
You have superior vitality. (+4 HP)


Message History

Flames lash Duvessa.
Duvessa is lightly wounded.
Duvessa's fire resistance burns away.
The goblin shouts!
You hear a shout!
Dowan, Brother of Duvessa comes into view.
He is wielding a +3 dagger of venom.
A kobold comes into view. It is wielding a +0 dagger.
Casting: Scorch (safe; 2% risk of failure)
Confirm with . or Enter, or press ? or * to list all spells.
The spell is quite dangerous to cast (16% risk of failure)!
Continue anyway?
Casting: Flame Wave (quite dangerous; 16% risk of failure)
Press: ? - help, Dir - look around, f - activate A wave of flame ripples out!
The flame wave engulfs Duvessa!!
Duvessa is burned terribly!
Duvessa is severely wounded. (Press . to intensify the flame waves.) Duvessa is no longer more vulnerable to fire.
Duvessa hits you with a +0 short sword!
A wave of flame ripples out!
The flame wave engulfs Duvessa!
Duvessa is almost dead.
Duvessa hits you with a +0 short sword!
Dowan says, "Stay away from my face!"
Your magical contamination has completely faded away.
A wave of flame ripples out!
The flame wave engulfs Duvessa.
You kill Duvessa!
Dowan screams, "No!
No!"
Dowan seems to find hidden reserves of power!
The flame wave engulfs the goblin!
You kill the goblin!
The flame wave engulfs Dowan!
Dowan is moderately wounded.
You finish channelling waves of flame.
You hear an angry hiss.
Dowan points at you and mumbles some strange words.
The shard of ice hits you!!
You feel a painful chill!
* * * LOW HITPOINT WARNING * * *
You aren't carrying any potions.
As you read the scroll of teleportation, it crumbles to dust.
You feel strangely unstable.
Dowan hits you with a +3 dagger of venom.
You die...

##### ###...####
##........####
#............##
#.............##########..#
#..............@e.K).!...#
#.....>....>...#####....##
#..............# ####.#
#.............## ..
#............## ..#
##..........## ..
#.........## . ###......##
####.###


You could see Dowan (fast) and a kobold.

Vanquished Creatures
  Sigmund (D:2)
  Duvessa (D:4)
  A sky beast (D:4)
  A gnoll shaman (D:4)
  A bullfrog skeleton (D:4)
  A hound (D:4)
  5 gnolls (D:4)
  An adder (D:4)
  2 ufetubi (D:4)
  A worm (D:2)
  5 dart slugs
  3 bats (D:2)
  3 endoplasms
  5 goblins
  5 hobgoblins
  4 jackals (D:3)
  3 kobolds
  2 quokkas
  4 ball pythons
  3 frilled lizards
  5 rats
57 creatures vanquished.

Vanquished Creatures (others)
  121 foxfires
121 creatures vanquished.

Grand Total: 178 creatures vanquished

Notes
Turn   | Place    | Note
-------+----------+-------------------------------------------
     0 | D:1      | robertstho the Djinni Fire Elementalist began the quest for
                  | the Orb.
     0 | D:1      | Reached XP level 1. HP: 15/15 MP: 0/0
   496 | D:1      | Reached XP level 2. HP: 15/22 MP: 0/0
   688 | D:1      | Found a faded altar of an unknown god.
   877 | D:2      | Noticed Sigmund
   884 | D:2      | Killed Sigmund
   885 | D:2      | Reached skill level 1 in Fighting
   885 | D:2      | Reached skill level 3 in Spellcasting
   885 | D:2      | Reached XP level 3. HP: 19/28 MP: 0/0
   885 | D:2      | Learned a level 1 spell: Shock
   885 | D:2      | Reached XP level 4. HP: 22/33 MP: 0/0
   885 | D:2      | Reached XP level 5. HP: 25/38 MP: 0/0
   885 | D:2      | Learned a level 2 spell: Passwall
  1077 | D:2      | Reached skill level 4 in Spellcasting
  1368 | D:2      | Reached skill level 1 in Short Blades
  1561 | D:3      | Reached XP level 6. HP: 38/43 MP: 0/0
  2093 | D:3      | Found Cuid's Magic Scroll Shop.
  2098 | D:3      | Bought a scroll of identify for 22 gold pieces
  2098 | D:3      | Bought a scroll of magic mapping for 38 gold pieces
  2098 | D:3      | Bought a scroll of teleportation for 33 gold pieces
  2618 | D:4      | HP: 3/64 [gnoll (2)]
  3131 | D:4      | Found a staircase to the Ecumenical Temple.
  3145 | D:4      | Noticed a sky beast
  3150 | D:4      | Reached XP level 7. HP: 26/49 MP: 0/0
  3150 | D:4      | Learned a level 3 spell: Ignite Poison
  3155 | D:4      | Reached skill level 5 in Spellcasting
  3165 | Temple   | Entered the Ecumenical Temple
  3984 | D:4      | Noticed Duvessa
  3990 | D:4      | Noticed Dowan
  3996 | D:4      | Killed Duvessa
  3996 | D:4      | HP: 1/49 [Dowan/shard of ice (18)]
  3999 | D:4      | Slain by Dowan

Illustrated notes

Levels and vault maps discovered:
D:1:      lightli_arrival_quake, layout_loops_ring,
          shapermc_ecumenical_altar_petra, nrook_loot_triangle,
          wander_ebering_terrifying_dragon_lair
D:2:      layout_rooms, uniq_sigmund
D:3:      layout_rooms, demons_altar, serial_shops, shop
D:4:      layout_cave_pods, minmay_temple_entry_tees, uniq_duvessa,
          uniq_blork_the_orc
Temple:   eino_temple_water

Skill      XL: |  1  2  3  4  5  6  7 |
---------------+----------------------+-----
Fighting       | 1 2 |  2.4
Stealth        | 2 |  2.3
Spellcasting   | 3 4 5 |  5.4
Short Blades   | 1 |  1.3
Dodging        | |  2.8

Action                   |  1- 3 |  4- 6 |  7- 9 || total
-------------------------+-------+-------+-------++-------
Melee: Dagger            |    20 |    23 |       ||    43
       Rapier            |       |     4 |     3 ||     7
 Cast: Foxfire           |    10 |    55 |       ||    65
       Scorch            |       |    35 |     8 ||    43
       Shock             |       |     2 |       ||     2
       Flame Wave        |       |       |     1 ||     1
  Use: Scroll            |       |     1 |     1 ||     2
       Potion            |       |     1 |       ||     1
 Stab: Sleeping          |     4 |       |       ||     4
Armor: Robe              |     2 |    15 |     2 ||    19
Dodge: Dodged            |     6 |    41 |     6 ||    53

Table legend: (Time is in decaauts)
 A = Elapsed time spent in this place.
 B = Non-inter-level travel time spent in this place.
 C = Inter-level travel time spent in this place.
 D = Time resting spent in this place.
 E = Time spent auto-exploring this place.
 F = Levels seen in this place.
 G = Mean time per level.
                   A        B        C        D        E       F      G
               +--------+--------+--------+--------+--------+-----+--------+
         Total |   4008 |   3935 |     73 |    560 |   2873 |   5 |  801.6 |
       Dungeon |   3273 |   3228 |     45 |    280 |   2474 |   4 |  818.2 |
        Temple |    734 |    706 |     28 |    280 |    399 |   1 |  734.0 |
               +--------+--------+--------+--------+--------+-----+--------+

Top non-repeatable levels by time:
     D:4: 865 daAuts
     D:1: 861 daAuts
     D:3: 851 daAuts
  Temple: 734 daAuts
     D:2: 694 daAuts
